 Dungeon Crawl Stone Soup version 0.27-a0-637-g3a9f0a9c12 (webtiles) character file.

Game seed: 17167205284439021350

18 Drevant2 the Caller (level 2, -1/19 HPs)
             Began as a Merfolk Summoner on Mar 14, 2021.
             Slain by a gnoll (6 damage)
             ... on level 1 of the Dungeon.
             The game lasted 00:02:31 (1271 turns).

Drevant2 the Caller (Merfolk Summoner)              Turns: 1271, Time: 00:02:32

Health: -1/19      AC:  2    Str:  8    XL:     2   Next: 70%
Magic:  5/5        EV: 12    Int: 14    God:
Gold:   81         SH:  0    Dex: 14    Spells: 2/5 levels left

rFire    . . .     SeeInvis .   h - +1 short sword (flame)
rCold    . . .     Faith    .   (no shield)
rNeg     . . .     Spirit   .   a - +0 robe
rPois    .         Reflect  .   (no helmet)
rElec    .         Harm     .   (no cloak)
rCorr    .         Rampage  .   (no gloves)
Will     .....                  (no boots)
Stlth    ++........             (no amulet)
HPRegen  0.06/turn              (no ring)
MPRegen  0.09/turn              (no ring)

@: no status effects
A: (nimble swimmer 2), mertail
a: no special abilities


You were on level 1 of the Dungeon.
You visited 1 branch of the dungeon, and saw 2 of its levels.

You collected 81 gold pieces.

Inventory:

Hand Weapons
 c - a +1 dagger of draining
 h - a +1 short sword of flaming (weapon)
Armour
 a - a +0 robe (worn)
Jewellery
 e - a ring of positive energy
Scrolls
 f - a scroll of identify {unknown}
 g - a scroll of noise {unknown}
 i - a scroll of immolation {unknown}
 k - a scroll of magic mapping {unknown}
Potions
 b - 2 potions of curing {unknown}
 d - 3 potions of heal wounds {unknown}
 j - a potion of might {unknown}


   Skills:
 - Level 2.6 Dodging
 - Level 2.1 Stealth
 - Level 2.0 Spellcasting
 * Level 4.7 Summonings


You had 2 spell levels left.
You knew the following spells:

 Your Spells              Type           Power      Damage    Failure   Level
a - Summon Small Mammal   Summ           56%        N/A       3%          1
b - Call Imp              Summ           14%        N/A       4%          2

Your spell library contained the following spells:

 Spells                   Type           Power      Damage    Failure   Level
 Call Canine Familiar     Summ           14%        N/A       10%         3
 Summon Guardian Golem    Hex/Summ       8%         N/A       26%         3
 Summon Ice Beast         Ice/Summ       8%         N/A       65%         4
 Summon Lightning Spire   Summ/Air       8%         N/A       65%         4


Dungeon Overview and Level Annotations

Branches:
Dungeon (2/15)

Altars:


Innate Abilities, Weirdness & Mutations

((You are quick and stealthy while swimming. (Stealth+, EV+, Speed+++)))
Your lower body shifts to a powerful aquatic tail in water.


Message History

The kobold is severely wounded.
The kobold closely misses you.
You closely miss the kobold.
The kobold is severely wounded.
The kobold closely misses you.
You hit the kobold. You burn the kobold.
You kill the kobold!
You closely miss the rat. The rat barely misses you.
You hit the rat but do no damage. The rat closely misses you.
You hit the rat. You burn the rat.
You kill the rat!
No target in view!
Memorise Call Imp, consuming 2 spell levels and leaving 2?
You start memorising the spell.
You continue memorising. x2
You finish memorising.
Spell assigned to 'b'.
Unknown command.
Things that are here:
a +0 short sword; a stone; a kobold corpse
Found a stone staircase leading up.
Found a whip.
Found a stone staircase leading down.
A gnoll comes into view.
A gnoll comes into view.
The gnoll shouts!
You hear a shout!
An adder comes into view.
A gnoll comes into view. It is wielding a +0 spear.
You closely miss the gnoll. The gnoll hits you.
You see here a +0 short sword.
The gnoll hits you.
There is a stone staircase leading up here.
The gnoll closely misses you.
You climb upwards.
There is a stone staircase leading down here.
You barely miss the gnoll. The gnoll hits you.
You barely miss the gnoll. The gnoll completely misses you.
You hit the gnoll. You burn the gnoll.
The gnoll is heavily wounded.
The gnoll hits you.
* * * LOW HITPOINT WARNING * * *
The gnoll hits you.
You die...

#.# #...# #.##########.#
#........# #.#
########.# #.## #.# #..#
#########.# #..#######
#.........# #...'....#
#.#######.####..#....#
#.# #.g@...#.'..###### #
#.# #.###.##+##..##### #
#.###.# #.##..'..##..# #
#.....# #.##..#..##..# #
#.[#### #.##..#...'..# #
#..# #.##<.##..######
#..# #.#######..###..
#..# #.##.# #....).##
#..######.##.###.####.#.


You could see a gnoll.

Vanquished Creatures
  An adder (D:2)
  2 goblins (D:1)
  A hobgoblin (D:1)
  4 kobolds
  2 rats (D:2)
10 creatures vanquished.

Vanquished Creatures (collateral kills)
  A goblin (D:1)
1 creature vanquished.

Grand Total: 11 creatures vanquished

Notes
Turn   | Place    | Note
-------+----------+-------------------------------------------
     0 | D:1      | Drevant2 the Merfolk Summoner began the quest for the Orb.
     0 | D:1      | Reached XP level 1. HP: 13/13 MP: 3/3
   997 | D:1      | Reached XP level 2. HP: 14/17 MP: 5/5
  1232 | D:2      | Learned a level 2 spell: Call Imp
  1271 | D:1      | Slain by a gnoll

Illustrated notes

Levels and vault maps discovered:
D:1:      dpeg_arrival_short_road, layout_loops_ring, minmay_liquid_box
D:2:      kennysheep_big_flooded_room, layout_basic, general_overflow_altar,
          uniq_crazy_yiuf_cottage

Action                   || total
-------------------------++-------
Melee: Unarmed           ||     9
       Dagger            ||     7
       Short sword       ||    20
 Cast: Summon Small Mamm ||     7
 Stab: Sleeping          ||     3
Armor: Robe              ||     3
Dodge: Dodged            ||    20

Table legend: (Time is in decaauts)
 A = Elapsed time spent in this place.
 B = Non-inter-level travel time spent in this place.
 C = Inter-level travel time spent in this place.
 D = Time resting spent in this place.
 E = Time spent auto-exploring this place.
 F = Levels seen in this place.
 G = Mean time per level.
                   A        B        C        D        E       F      G
               +--------+--------+--------+--------+--------+-----+--------+
         Total |   1270 |   1159 |    111 |    419 |    594 |   2 |  635.0 |
       Dungeon |   1270 |   1159 |    111 |    419 |    594 |   2 |  635.0 |
               +--------+--------+--------+--------+--------+-----+--------+

Top non-repeatable levels by time:
     D:1: 1171 daAuts
     D:2: 99 daAuts
